Cogmind - Beta 16.1 @@@ ROGUE MODE // 2026.05.01 @ 00:21:56 Player: Mal-2 Result: Destroyed by Y-45 Defender with Heavy Assault Rifle Performance ------------- Evolutions (1) 500 Regions Visited (4) 800 Robots Destroyed (22) 110 Value Destroyed (781) 781 Prototype IDs (0) 0 Alien Tech Used (0) 0 Bonus (0) 0 TOTAL SCORE: 2191 Bonus ------- None Cogmind --------- Core Integrity 0/400 Matter 300/300 Energy 100/100 System Corruption 0% Temperature Cool (9) Movement Walking (260) Ox2 Location -9/Storage Parts ------- > --- POWER (1) -------- (None) > --- PROPULSION (2) --- Aluminum Leg > --- UTILITY (2) ------ Large Storage Unit > --- WEAPON (4) ------- Beam Rifle > --- INVENTORY (15) --- Light Treads Small Storage Unit Medium Storage Unit Large Storage Unit Experimental Sensor Array Core Shielding Beam Rifle Improved Heavy Machine Gun Peak State ------------ > --- POWER ------------ Ion Engine > --- PROPULSION ------- Light Treads Light Treads > --- UTILITY ---------- Large Storage Unit Core Shielding > --- WEAPON ----------- Beam Rifle Beam Rifle Assault Rifle Light Assault Rifle > --- INVENTORY -------- Small Storage Unit Medium Storage Unit Large Storage Unit Experimental Sensor Array Core Shielding Grenade Launcher [Rating: 12] Favorites ----------- Power Light Ion Engine Engine Light Ion Engine Propulsion Aluminum Leg Treads Light Treads Leg Aluminum Leg Utility Core Shielding Storage Large Storage Unit Protection Core Shielding Weapon Assault Rifle Energy Gun Beam Rifle Ballistic Gun Assault Rifle Launcher Grenade Launcher Build | -11 -10 -10 -9 -9 ------- Run | Yrd Mat Min Mat Sto Slots Evolved 2 | . . . 2 . Power . | . . . . . Propulsion . | . . . . . Utility . | . . . . . Weapon 2 | . . . 2 . Parts Attached 23 | 6 1 . 4 12 Power 3 | 1 . . . 2 Engine 3 | 1 . . . 2 Core . | . . . . . Reactor . | . . . . . Propulsion 6 | 2 . . . 4 Treads 2 | . . . . 2 Leg 4 | 2 . . . 2 Wheel . | . . . . . Hover . | . . . . . Flight . | . . . . . Utility 4 | 1 1 . 2 . Device . | . . . . . Storage 3 | 1 . . 2 . Processor . | . . . . . Hackware . | . . . . . Protection 1 | . 1 . . . Artifact . | . . . . . Weapon 10 | 2 . . 2 6 Energy Gun 4 | . . . 1 3 Energy Cannon . | . . . . . Ballistic Gun 5 | 2 . . 1 2 Ballistic Cannon . | . . . . . Launcher 1 | . . . . 1 Special Weapon . | . . . . . Impact Weapon . | . . . . . Slashing Weapon . | . . . . . Piercing Weapon . | . . . . . Special Melee Weapon . | . . . . . Unidentified Prototypes . | . . . . . Parts Lost 17 | . . . . 17 Power 3 | . . . . 3 Propulsion 5 | . . . . 5 Utility 1 | . . . . 1 Weapon 8 | . . . . 8 Highest Loss Streak 3 | . . . . 3 To Critical Strikes . | . . . . . Average Backups 7 | 2 6 8 7 7 Power . | . . . . . Propulsion 1 | 1 2 2 2 1 Utility 3 | . 1 1 3 5 Weapon 2 | 1 3 4 2 1 Tool/Special . | . . . . . Unused Backups 9 | . 3 1 . 5 Power . | . . . . . Propulsion 1 | . . . . 1 Utility 5 | . 2 . . 3 Weapon 3 | . 1 1 . 1 Tool/Special . | . . . . . Average Slot Usage (%) 82 | . 97 100 98 68 Engine 9 | . 14 14 11 6 Treads 2 | . . . . 3 Leg 19 | . 28 28 22 13 Storage 12 | . 14 14 11 11 Protection 7 | . 11 14 11 4 Energy Gun 6 | . . . 11 11 Ballistic Gun 21 | . 28 28 31 16 Launcher 1 | . . . . 2 Peak Build Rating 12 | 6 8 8 11 12 Average Rating 7 | 3 7 7 10 8 On Entrance 6 | . 6 8 8 11 Avg Prop Armor Cover (%) . | . . . . . Naked Turns . | . . . . . Heaviest Build 32 | 12 13 13 32 32 Greatest Support 40 | 20 20 20 20 40 Greatest Overweight (x) 10 | . . . 1 10 Average Overweight (x) . | . . . . 1 Largest Inventory Capacity 15 | 8 8 8 15 15 Average Capacity 11 | 6 8 8 13 15 Most Carried 12 | 5 8 8 9 12 Average Carried 7 | 3 6 7 7 7 Final Capacity 15 | 8 8 8 15 15 Final Carried 9 | 3 8 8 9 8 Class Distribution -------------------- 68% | Mutant 17% | Tank 8% | Scavenger-Gunner 5% | Scavenger-Mutant Dominant Class ---------------- Mutant | -10/Materials Mutant | -10/Mines Tank | -9/Materials Mutant | -9/Storage Resources | -11 -10 -10 -9 -9 ----------- Run | Yrd Mat Min Mat Sto Matter Collected 608 | 191 77 . . 340 Remotely . | . . . . . Salvage Created 838 | . 77 . . 761 Parts 45 | . 7 . . 38 Haulers Intercepted . | . . . . . Recyclers Shooed 1 | . . . . 1 Parts Field Recycled . | . . . . . Retrieved Matter . | . . . . . Parts Self-Destructed . | . . . . . Prevented . | . . . . . Parts Restored . | . . . . . Kills | -11 -10 -10 -9 -9 ------- Run | Yrd Mat Min Mat Sto Combat Hostiles Destroyed 22 | . 2 . . 20 Guns 19 | . 2 . . 17 AOE 3 | . . . . 3 Classes Destroyed 3 | . 1 . . 2 Swarmer 3 | . . . . 3 Grunt 13 | . 2 . . 11 Sentry 6 | . . . . 6 Best Kill Streak 5 | . 2 . . 5 Combat Bots Only 5 | . 2 . . 5 Max Kills in Single Turn 1 | . 1 . . 1 Gunslinging . | . . . . . Exploded 1 | . . . . 1 Melee . | . . . . . Uniques/NPCs Destroyed . | . . . . . Combat | -11 -10 -10 -9 -9 -------- Run | Yrd Mat Min Mat Sto Hostile Shots Fired 232 | . 28 . 5 199 Missed 67 | . 6 . . 61 Hits 165 | . 22 . 5 138 Projectile 165 | . 22 . 5 138 Critical Strikes 2 | . . . . 2 Actively Blocked 1 | . . . . 1 Damage Taken 2117 | . 285 . 45 1787 Core 468 | . 65 . 8 395 Absorbed by Shields . | . . . . . Redirected to Shielding 52 | . 14 . 1 37 Core Remaining (%) 87 | 100 . 74 . . Volleys Fired 56 | . 7 . . 49 Largest 4 | . 2 . . 4 Hottest 152 | . 40 . . 152 Shots Fired 154 | . 14 . . 140 Gun 146 | . 14 . . 132 Cannon . | . . . . . Launcher 8 | . . . . 8 Special . | . . . . . Kinetic 91 | . 14 . . 77 Thermal 55 | . . . . 55 Explosive 8 | . . . . 8 Electromagnetic . | . . . . . Robot Hit Streak 10 | . 7 . . 10 Robot Miss Streak 3 | . 1 . . 3 Penetration Max . | . . . . . Secondary Targets 2 | . . . . 2 Max Gunslinging Chain 1 | . . . . 1 Shots Hit Robots 90 | . 10 . . 80 Core Hits 45 | . 5 . . 40 Critical Kills . | . . . . . Critical Parts Destroyed . | . . . . . Critical Strikes 5 | . . . . 5 Burn 4 | . . . . 4 Destroy 1 | . . . . 1 Melee Attacks . | . . . . . Impact . | . . . . . Slashing . | . . . . . Piercing . | . . . . . Sneak Attacks . | . . . . . Combat Hostiles . | . . . . . Follow-up Attacks . | . . . . . Damage Inflicted 1271 | . 134 . . 1137 Guns 962 | . 134 . . 828 Cannons . | . . . . . Explosions 292 | . . . . 292 Melee . | . . . . . Ramming 17 | . . . . 17 Kinetic 508 | . 134 . . 374 Thermal 454 | . . . . 454 Explosive 292 | . . . . 292 Electromagnetic . | . . . . . Impact . | . . . . . Slashing . | . . . . . Piercing . | . . . . . Highest Corruption . | . . . . . Average Corruption . | . . . . . Corruption Purged . | . . . . . Corruption Blocked . | . . . . . Overload Shots . | . . . . . Overflow Damage 2 | . . . . 2 Projectiles . | . . . . . Explosions 2 | . . . . 2 Melee . | . . . . . Knockbacks . | . . . . . Impact . | . . . . . Kinetic . | . . . . . Secondary . | . . . . . Self-Inflicted Damage 32 | . . . . 32 Shots 2 | . . . . 2 Rammed 1 | . . . . 1 Targets Rammed 4 | . . . . 4 Kicked 3 | . . . . 3 Crushed . | . . . . . Highest Temperature 362 | . 3 . . 362 Average Temperature 117 | . 2 . . 122 Received Heat Transfer 939 | . 156 . . 783 Effects 3 | . . . . 3 Shutdowns 1 | . . . . 1 Short Circuit 1 | . . . . 1 Damage (minor) 1 | . . . . 1 Siege Activations . | . . . . . Martial Activations . | . . . . . Shielding Activations . | . . . . . Robots Disrupted . | . . . . . Combat Hostiles . | . . . . . Robots Corrupted . | . . . . . Combat Hostiles . | . . . . . Parts Fried . | . . . . . Impact Corruptions . | . . . . . Robots Melted . | . . . . . Combat Hostiles . | . . . . . Parts Melted 1 | . . . . 1 Heat Transferred 1422 | . . . . 1422 Parts Sabotaged . | . . . . . Parts Stolen . | . . . . . Parts Stripped . | . . . . . Power Chain Reactions . | . . . . . Alert | -11 -10 -10 -9 -9 ------- Run | Yrd Mat Min Mat Sto Maximum Alert Level 1 | . . . . 1 Low Security (%) 69 | 100 100 100 100 41 Level 1 30 | . . . . 58 Level 2 . | . . . . . Level 3 . | . . . . . Level 4 . | . . . . . Level 5 . | . . . . . High Security . | . . . . . Max Security . | . . . . . Peak Influence 286 | . 40 9 . 286 Initial 9 | . . 9 . . Average 95 | . 6 . . 181 Influence Increases 737 | . 62 . . 675 Destroy 0b10 Robot/C 440 | . 40 . . 400 Destroy Leader 120 | . 10 . . 110 Successful Hack 19 | . 12 . . 7 Destroy Structure 53 | . . . . 53 Lose Combat Pursuer 105 | . . . . 105 Influence Decreases 516 | . 37 25 . 454 Entered New Map 16 | . . 16 . . Time Decay 330 | . 37 9 . 284 Lost Part 170 | . . . . 170 Squads Dispatched 5 | . 1 . . 4 Investigation . | . . . . . Extermination . | . . . . . Reinforcement 2 | . 1 . . 1 Assault . | . . . . . Garrison 3 | . . . . 3 Intercept . | . . . . . Searches Triggered . | . . . . . Construction Impeded . | . . . . . Haulers Reinforced . | . . . . . Active Scanning Responses . | . . . . . Cargo Convoy Interrupts . | . . . . . Stealth | -11 -10 -10 -9 -9 --------- Run | Yrd Mat Min Mat Sto Distress Signals 1 | . . . . 1 Communications Jammed . | . . . . . Distress Signals . | . . . . . Times Spotted 36 | . 7 . 4 25 Peak Tracking Total 7 | . 2 . 6 7 Tactical Retreats 3 | . . . . 3 Traps | -11 -10 -10 -9 -9 ------- Run | Yrd Mat Min Mat Sto Traps Triggered . | . . . . . Indirectly . | . . . . . Trap Hack Attempts . | . . . . . Triggered . | . . . . . Disarmed . | . . . . . Reprogrammed . | . . . . . Reused . | . . . . . Traps Extracted . | . . . . . Installed . | . . . . . Triggered . | . . . . . Machines | -11 -10 -10 -9 -9 ---------- Run | Yrd Mat Min Mat Sto Machines Disabled . | . . . . . Max in Single Turn . | . . . . . Machines Repaired . | . . . . . Machines Dismantled . | . . . . . Machines Sabotaged . | . . . . . Overloaded Fab Kills . | . . . . . Hacking | -11 -10 -10 -9 -9 --------- Run | Yrd Mat Min Mat Sto Machines Accessed 8 | . 4 . . 4 Terminals 7 | . 3 . . 4 Fabricators . | . . . . . Repair Stations . | . . . . . Recycling Units 1 | . 1 . . . Scanalyzers . | . . . . . Garrison Access . | . . . . . Total Hacks 8 | . 4 . . 4 Successful 6 | . 4 . . 2 Failed 2 | . . . . 2 Catastrophic 1 | . . . . 1 Database Lockouts . | . . . . . Manual . | . . . . . Terminals 7 | . 3 . . 4 Fabricators . | . . . . . Repair Stations . | . . . . . Recycling Units 1 | . 1 . . . Scanalyzers . | . . . . . Garrison Access . | . . . . . Terminal Hacks 5 | . 3 . . 2 Open Door 1 | . . . . 1 Locate Traps 2 | . 1 . . 1 Registered Components 1 | . 1 . . . Zone Layout 1 | . 1 . . . Fabricator Hacks . | . . . . . Repair Station Hacks . | . . . . . Recycling Unit Hacks 1 | . 1 . . . Retrieve Components 1 | . 1 . . . Scanalyzer . | . . . . . Garrison Access Hacks . | . . . . . Unauthorized Hacks . | . . . . . Terminals . | . . . . . Fabricators . | . . . . . Repair Stations . | . . . . . Recycling Units . | . . . . . Scanalyzers . | . . . . . Garrison Access . | . . . . . Data Cores Recovered . | . . . . . Used . | . . . . . Hacking Detections 3 | . 1 . . 2 Full Trace Events . | . . . . . Feedback Events . | . . . . . Feedback Blocked . | . . . . . Robot Schematics Acquired . | . . . . . Robots Built . | . . . . . Authchips . | . . . . . Time . | . . . . . Total Robot Build Rating . | . . . . . Part Schematics Acquired . | . . . . . Parts Built . | . . . . . Authchips . | . . . . . Time . | . . . . . Total Part Build Rating . | . . . . . Part Studies Acquired . | . . . . . Parts Repaired . | . . . . . Time . | . . . . . Parts Recycled . | . . . . . Recycled Matter . | . . . . . Retrieved Matter . | . . . . . Retrieved Components . | . . . . . Parts Scanalyzed . | . . . . . Part Schematics Acquired . | . . . . . Parts Damaged . | . . . . . Bothacking | -11 -10 -10 -9 -9 ------------ Run | Yrd Mat Min Mat Sto Used RIF Installer . | . . . . . Robots Hacked . | . . . . . Non-combat . | . . . . . Combat . | . . . . . Robot Hacks Applied . | . . . . . Relay Couplers Released . | . . . . . Fabnet Peak Effective % . | . . . . . Robots Rewired . | . . . . . Allies Hacked . | . . . . . Hacks Repelled . | . . . . . Allies | -11 -10 -10 -9 -9 -------- Run | Yrd Mat Min Mat Sto Total Allies . | . . . . . Largest Group . | . . . . . Highest-Rated Group . | . . . . . Highest-Rated Ally . | . . . . . Total Orders . | . . . . . Ally Attacks . | . . . . . Total Damage . | . . . . . Kills . | . . . . . Allies Corrupted . | . . . . . Allies Melted . | . . . . . Intel | -11 -10 -10 -9 -9 ------- Run | Yrd Mat Min Mat Sto Active Infowar (turns) . | . . . . . Robot Analysis Total . | . . . . . Derelict Logs Recovered 2 | . . 2 . . Drone Launches . | . . . . . Drone Recoveries . | . . . . . Exploration | -11 -10 -10 -9 -9 ------------- Run | Yrd Mat Min Mat Sto Turns Passed 1457 | 81 313 260 48 755 Spaces Moved 811 | 64 234 216 23 274 Core 19 | 15 . . . 4 Treads 57 | . . . . 57 Legs 735 | 49 234 216 23 213 Wheels . | . . . . . Hover . | . . . . . Flight . | . . . . . Fastest Speed 50 | 50 120 120 120 160 Average Speed 151 | 103 120 120 174 211 Slowest Speed 550 | 120 120 120 190 550 Overloaded Moves . | . . . . . Propulsion Burnouts . | . . . . . Robots Hopped . | . . . . . Potential Cave-ins . | . . . . . Cave-ins Triggered . | . . . . . Exploration Rate (%) 28 | 4 40 53 2 44 Regions Visited 4 Branch Regions 2 Pre-discovered Areas . | . . . . . Known Exits Taken 1 | . . 1 . . Unknown Exits Taken 3 | 1 1 . 1 . Scrap Searched . | . . . . . Spaces Dug . | . . . . . Terrain Destroyed 85 | . . . . 85 Melee . | . . . . . Projectile . | . . . . . AOE 85 | . . . . 85 Terrain Rammed . | . . . . . Walls Destroyed . | . . . . . Machines Disabled . | . . . . . Actions | -11 -10 -10 -9 -9 --------- Run | Yrd Mat Min Mat Sto Total 927 | 78 253 217 30 349 Wait . | . . . . . Move 807 | 63 233 215 22 274 Hop . | . . . . . Pick Up 32 | 9 9 1 3 10 Fast Attach . | . . . . . Attach 20 | 6 1 . 2 11 Detach . | . . . . . Swap 4 | . . . 3 1 Drop 4 | . 3 1 . . Fire 56 | . 7 . . 49 Melee . | . . . . . Ram . | . . . . . Kick 3 | . . . . 3 Crush 1 | . . . . 1 Escape Stasis . | . . . . . Rewire . | . . . . . Trap . | . . . . . Miscellaneous . | . . . . . Route ------- -11/Scrapyard -10/Materials -10/Mines -9/Materials (discovered 2 exits: Min / *Sto) -9/Storage History --------- Turn | Location | Event 4 | -11/Scrapyard | Discovered new exit (range 15) 82 | -11/Scrapyard | Entered Materials 316 | -10/Materials | Build established: Mutant 363 | -10/Materials | Discovered new exit (range 12) 395 | -10/Materials | Entered Mines 421 | -10/Mines | Found a damaged Exp. Sensor Array with a note attached 428 | -10/Mines | Found Prototype Device 474 | -10/Mines | Learned location of 1 exit from Materials 499 | -10/Mines | Identified exit to Materials 655 | -10/Mines | Entered Materials 655 | -9/Materials | Evolved 2 slots: Weapon x2 656 | -9/Materials | Identified exit to Mines 657 | -9/Materials | Discovered new exit (range 7) 703 | -9/Materials | Entered Storage 876 | -9/Storage | Lost 3 parts (1p1n1w) 921 | -9/Storage | Garrison activated, responded to threat 998 | -9/Storage | Core integrity fell below 50% 1017 | -9/Storage | Lost 3 parts (1p1u1w) 1083 | -9/Storage | Lost 3 parts (2n1w) 1223 | -9/Storage | Lost 3 parts (1p2w) 1258 | -9/Storage | Core integrity fell below 20% 1298 | -9/Storage | Lost 3 parts (1n2w) 1458 | -9/Storage | Destroyed by Y-45 Defender with Heavy Assault Rifle Last Messages --------------- G-34 Mercenary suffers critical hit (Burn). K-01 Serf collects debris. R-06 Scavenger collects Particle Gun. K-01 Serf collects debris. R-06 Scavenger collects Ion Engine. G-34 Mercenary destroyed. K-01 Serf collects debris. R-06 Scavenger collects Sml. Laser. Acquired 54 matter. K-01 Serf collects debris. Acquired 59 matter. K-01 Serf collects debris. Acquired Lgt. Treads. Connecting with Door Terminal... >>Open(Door) Sealed Heavy Doors opened. Acquired Prototype Ballistic Gun. U-05 Engineer builds a Door. K-01 Serf collects debris. K-01 Serf cleans the Transport Mainframe. Map ----- +----------------------------------------------------+ | | | | | | | | | | | | | | | | | | | | | | | | | ???????????????????????????????????????? | | ???????????????????????????????????????? | | ???????????????????????????????????????? | | ????????????????????##??????????######## | | ??????????????###?## ###????????# # | | ??????????????# +? ?????????# + | | ??????????????# # """" ?????????# # | | ??????????????# # """" #????????# # | | ??????????????# + """" #????????# # | | ??????????????#Y# """" ####?????# # | | ??????????????# # ## #?????#+##+### | | ??????????????# #?###+### ##????# | | ??????????????# #???# #?# T#????# | | ??????????????#@##### ###"####### | | ??????????????# | | ??????????????########## #### ###### | | ??????????????###### # ####/####?? | | ??????????##### #### #/ #?? | | ???????? % % + #?? | | ???????? ###### # /[ #?? | | ???????? ##+##########?? | | ?????????????## ### #??????? | | ??????????????## #???# """ """ #??????? | | ???????????????# ????## """ """ #??????? | | ???????????????#?????# """ """ #??????? | | ?????????????????????## % #??????? | | ??????????????????????# %""T"" #??????? | | ??????????????????????# """"" + ?????? | | ??????????????????????# #??????? | | ??????????????????????#####+#####??????? | | ?????????????????^?^??????? ?????????? | | ??????????????????????????? ###????????? | | ????????????????^??????????##??????????? | | ???????????????????^???????????????????? | | ???????????????????????????????????????? | | ???????????????????????????????????????? | | ???????????????????????????????????????? | | ??????????????????????????????????????? | +----------------------------------------------------+ Best States ------------- Heat Dissipation 28 Energy Generation 10 Energy Capacity 250 Matter Stores 300 Matter Capacity 300 Sight Range 16 Terrain Scan Density 10 Core Shielding 20 Evasion (%) 55 Recoil Reduction 2 Item Schematics ----------------- None Robot Schematics ------------------ None Fabricated ------------ Nothing Repaired ---------- Nothing Studied --------- None Alien Tech Used ----------------- None Achievements -------------- Hydra Resistances Are Futile That Tickles Troublemaker Challenges ------------ None Game ------ Seed CouplerCoilLink Manual? 0 Play Time 00:22:48 Cumulative 1.3 hours Start 2026.04.30 @ 19:57:19 End 2026.05.01 @ 00:21:56 Sessions 2 Manual Loads 0 Difficulty Rogue Special Mode None Game No. 3 Rogue 3 Adventurer 0 Explorer 0 Win Type - Total 0 Types 0/0/0/0/0/0/0/0/0/0 Lore% 0 Gallery% 2 Achievement% 3 Wizard Run 0 Options --------- Layout 1 ASCII 0 Keyboard 1 Movement Numpad Keybinds 0 Fullscreen 2 Font 24/Smallcaps Map View 50x35 Zoom Use 0% Tactical HUD 0 Map Filters NONE Filters NONE Steam 1 RUN: 8c10acfc-2836-480e-b065-6d96be715771